 Dungeon Crawl Stone Soup version 0.31-a0-233-g139696dc86 (webtiles) character file.

Game seed: 7185482453920936550

14 qw the Shooter (level 2, -1/24 HPs)
             Began as a Minotaur Hexslinger on July 8, 2023.
             Slain by Sigmund
             ... wielding a +2 scythe of venom
              (4 damage)
             ... on level 2 of the Dungeon.
             The game lasted 00:00:14 (842 turns).

qw the Shooter (Minotaur Hexslinger)                 Turns: 842, Time: 00:00:15

Health: -1/24      AC:  5    Str: 12    XL:     2   Next: 27%
Magic:  2/2        EV: 10    Int: 10    God:
Gold:   29         SH:  0    Dex: 12    Spells: 2/3 levels left

rFire   . . .        Y - +1 sling
rCold   . . .        (no shield)
rNeg    . . .        h - +0 ring mail
rPois   .            (helmet restricted)
rElec   .            (no cloak)
rCorr   .            (no gloves)
SInv    .            (no boots)
Will    .....        (no amulet)
Stlth   +            (no ring)
HPRegen 0.24/turn    (no ring)
MPRegen 0.08/turn

%: no passive effects
@: lethally poisoned (-1 -> -3)
A: horns 2, retaliatory headbutt
a: no special abilities


You were on level 2 of the Dungeon.
You visited 1 branch of the dungeon, and saw 2 of its levels.

You collected 29 gold pieces.


Innate Abilities, Weirdness & Mutations

You have a pair of horns on your head.
You reflexively headbutt those who attack you in melee.


   Skills:
 + Level 1.9 Fighting
 - Level 3.0 Ranged Weapons
 - Level 2.1 Dodging
 - Level 1.0 Spellcasting
 - Level 2.0 Hexes


You had 2 spell levels left.
You knew the following spells:

 Your Spells              Type           Power      Damage    Failure   Level
a - Slow                  Hex            16%        N/A       34%         1

Your spell library contained the following spells:

 Spells                   Type           Power      Damage    Failure   Level
 Inner Flame              Hex/Fire       2%         N/A       83%         3
 Portal Projectile        Hex/Tloc       4%         N/A       83%         3
 Cause Fear               Hex            2%         N/A       98%         4

Inventory:

Hand Weapons
 Y - a +1 sling (weapon)
Armour
 h - a +0 ring mail (worn)
Potions
 d - a potion of lignification {unknown}

Dungeon Overview and Level Annotations

Branches:
Dungeon (2/15)

Altars:

Shops:
D:2 ?

Annotations:
D:2 Sigmund


Message History

Sigmund shouts!
You shoot a sling bullet. The sling bullet hits Sigmund.
Sigmund is moderately wounded.
You shoot a sling bullet. The sling bullet hits Sigmund.
Sigmund is moderately wounded.
Sigmund says, "Now you see me, now you don't..."
Sigmund barely misses you.
You shoot a sling bullet. The sling bullet hits Sigmund!
Sigmund is heavily wounded.
Sigmund closely misses you.
You shoot a sling bullet.
The sling bullet closely misses Sigmund.
Sigmund closely misses you.
You shoot a sling bullet.
The sling bullet closely misses Sigmund.
Sigmund closely misses you.
You shoot a sling bullet.
The sling bullet closely misses Sigmund.
Sigmund casts a spell at you. The puff of flame misses you.
You shoot a sling bullet.
The sling bullet completely misses Sigmund.
Sigmund hits you from afar with a +2 scythe of venom!
You are poisoned.
You shoot a sling bullet.
The sling bullet closely misses Sigmund.
You feel very sick. Sigmund barely misses you.
A giant cockroach comes into view.
You shoot a sling bullet. The sling bullet barely misses Sigmund.
You feel sick. Sigmund misses you.
You shoot a sling bullet. The sling bullet barely misses Sigmund.
You feel sick.
Sigmund points at you and mumbles some strange words.
The magic dart hits you.
You shoot a sling bullet. The sling bullet hits Sigmund.
Sigmund is severely wounded.
You feel sick.
Sigmund hits you from afar with a +2 scythe of venom.
You die...

.. ..# #...
..##### #....
......#
#....###.......
#..............
#.......#......
#.....#....$#
#......@..#
#.......#@#
##.....<# ..
##......# ..\
#.....#.# #..
#.......# .
#..#.##.#
#..%.####
##<###


You could see Sigmund.

Vanquished Creatures
  A bat (D:1)
  An endoplasm (D:1)
  A giant cockroach (D:1)
  2 goblins (D:1)
  3 kobolds (D:1)
  2 ball pythons
  2 frilled lizards (D:1)
  A rat (D:1)
13 creatures vanquished.

Notes
Turn   | Place    | Note
-------+----------+-------------------------------------------
     0 | D:1      | qw the Minotaur Hexslinger began the quest for the Orb.
     0 | D:1      | Reached XP level 1. HP: 16/16 MP: 1/1
     0 | D:1      | 0 ||| qw: Version: 0.3-a-46-gb1f654a
     0 | D:1      | 0 ||| qw: Game counter: 3737
     0 | D:1      | 0 ||| qw: Melee chars always use a shield: true
     0 | D:1      | 0 ||| qw: God list: Okawaru
     0 | D:1      | 0 ||| qw: Allow faded altars: false
     0 | D:1      | 0 ||| qw: Do Orc after clearing Dungeon:15 true
     0 | D:1      | 0 ||| qw: Do second Lair branch before Depths: true
     0 | D:1      | 0 ||| qw: Lair rune preference: random
     0 | D:1      | 0 ||| qw: Goals: Normal
     0 | D:1      | 0 ||| PLANNING D:1-11
   259 | D:1      | Reached skill level 3 in Ranged Weapons
   388 | D:1      | Reached XP level 2. HP: 23/23 MP: 2/2
   760 | D:1      | 760 ||| UPGRADING to +0 leather armour.
   770 | D:1      | 770 ||| DROPPING +0 robe.
   771 | D:1      | 771 ||| UPGRADING to +0 ring mail.
   781 | D:1      | 781 ||| DROPPING +0 leather armour.
   782 | D:1      | 782 ||| READING scroll labelled QOSAUT KARO.
   783 | D:1      | 783 ||| READING scroll labelled TUNTIGAISO.
   784 | D:1      | 784 ||| DROPPING scroll of poison.
   831 | D:2      | Found Askabor's Magic Scroll Shop.
   831 | D:2      | Noticed Sigmund
   841 | D:2      | HP: 5/24 [Sigmund/magic dart (5)]
   842 | D:2      | Slain by Sigmund

Levels and vault maps discovered:
D:1:      evilmike_arrival_hilbert_curve, layout_basic,
          hangedman_abyss_or_decor_lesser_grid, chequers_serial_rivers_small_3
D:2:      layout_basic, basic_altar, serial_shops,
          nicolae_shop_temple_entry_statues_fountains, nicolae_shop_stone,
          nicolae_square_shop, minmay_pentomino_p2, uniq_sigmund

Skill      XL: |  1 |
---------------+----+-----
Ranged Weapons | 3 |  3.0
Fighting       | |  1.9
Dodging        | |  2.1
Spellcasting   | |  1.0
Hexes          | |  2.0

Action                     || total
---------------------------++-------
   Fire: Sling             ||    54
    Use: Scroll            ||     2
 Armour: Robe              ||     6
  Dodge: Dodged            ||    22

Table legend:
 A = Non-vault XP
 B = Vault XP
 C = Vault XP percentage of total XP
 D = Non-vault monster count
 E = Vault monster count
 F = Vault count percentage of total count
                 A         B        C        D         E       F
            +---------+---------+-------+---------+---------+-------
      Total |      20 |       0 |   0.0 |      13 |       0 |   0.0
            +---------+---------+-------+---------+---------+-------
        D:1 |      19 |       0 |   0.0 |      12 |       0 |   0.0
        D:2 |       1 |       0 |   0.0 |       1 |       0 |   0.0
            +---------+---------+-------+---------+---------+-------
